[Event "2nd Goa GM Open 2019"]
[Site "Goa"]
[Date "2019.06.22"]
[Round "7.28"]
[White "Ram, S. Krishnan"]
[Black "Thipsay, Praveen M"]
[Result "0-1"]
[ECO "E95"]
[WhiteElo "2152"]
[BlackElo "2405"]
[Annotator "ChessBase"]
[PlyCount "86"]
[EventDate "2019.06.17"]
[EventType "swiss"]
[EventCountry "IND"]
[SourceTitle "playchess.com"]
[Source "ChessBase"]
[SourceQuality "1"]
[TimeControl "5400+30"]

1. d4 Nf6 2. c4 g6 3. Nc3 Bg7 4. e4 d6 5. Nf3 O-O 6. Be2 Nbd7 7. O-O e5 8. Re1 c6 9. d5 c5 10. a3 Ne8 11. b4 f5 12. Ng5 Ndf6 13. Bf3 f4 14. bxc5 dxc5 15. a4 Nd6 16. Ba3 b6 17. Qd3 Qe7 18. Bd1 h6 19. Nf3 g5 20. a5 Ba6 21. Nd2 g4 22. Ba4 f3 23. g3 Rab8 24. Bc6 h5 25. axb6 axb6 26. Bxc5 bxc5 27. Rxa6 h4 28. Rb1 hxg3 29. hxg3 Rxb1+ 30. Ndxb1 Bh6 31. Nb5 Rd8 32. Ra7 Qf8 33. Qc3 Nf7 34. Nc7 Bg5 35. Qd3 Qh6 36. Nc3 Bd2 37. Ne6 Bxc3 38. Rxf7 Kxf7 39. Nxd8+ Ke7 40. Nb7 Bd4 41. d6+ Kf7 42. Qf1 Nh5 43. Qd3 Kg8 0-1

[Event "2nd Goa GM Open 2019"]
[Site "Goa"]
[Date "2019.06.22"]
[Round "7.30"]
[White "Viani Antonio Dcunha"]
[Black "Mahindrakar Indrajeet"]
[Result "1/2-1/2"]
[ECO "C00"]
[WhiteElo "2362"]
[BlackElo "2100"]
[Annotator "ChessBase"]
[PlyCount "119"]
[EventDate "2019.06.17"]
[EventType "swiss"]
[EventCountry "IND"]
[SourceTitle "playchess.com"]
[Source "ChessBase"]
[SourceQuality "1"]
[TimeControl "5400+30"]

1. e4 e6 2. d3 d5 3. Nd2 c5 4. Ngf3 Nc6 5. g3 g6 6. Bg2 Bg7 7. O-O Nf6 8. Re1 O-O 9. c3 b5 10. e5 Nd7 11. d4 b4 12. Nf1 Ba6 13. h4 Rc8 14. h5 bxc3 15. bxc3 cxd4 16. cxd4 Nb4 17. Qa4 Bxf1 18. Rxf1 Rc4 19. Qd1 Qc7 20. a3 Nc2 21. Rb1 Rc8 22. Bb2 Nb6 23. Nd2 Rc6 24. Nb3 Na4 25. Nc5 Nxc5 26. Qxc2 Ne4 27. Qd3 Nc3 28. Rbe1 Qb6 29. Bc1 Nb5 30. a4 Nc3 31. Be3 Rc4 32. f4 Nxa4 33. f5 Nb2 34. Qe2 Rc2 35. Qf3 exf5 36. Qxd5 Nc4 37. Bf2 Rd8 38. Qf3 Nd2 39. Qd3 Rb2 40. d5 Qb3 41. Qxb3 Rxb3 42. e6 fxe6 43. dxe6 Bf6 44. e7 Bxe7 45. Rxe7 Nxf1 46. Bxf1 Rb1 47. Kg2 Rd2 48. Be2 Rbb2 49. Kf3 g5 50. Bc4+ Kf8 51. Bc5 Rf2+ 52. Ke3 f4+ 53. gxf4 gxf4+ 54. Kd4 Rfd2+ 55. Bd3 Kg8 56. Kc3 Rxd3+ 57. Kxd3 Rh2 58. Re5 a5 59. Ke4 Rh4 60. Be7 1/2-1/2

[Event "2nd Goa GM Open 2019"]
[Site "Goa"]
[Date "2019.06.23"]
[Round "8.3"]
[White "Gupta, Abhijeet"]
[Black "Rahman, Ziaur"]
[Result "0-1"]
[ECO "E04"]
[WhiteElo "2606"]
[BlackElo "2481"]
[Annotator "RC"]
[PlyCount "60"]
[EventDate "2019.06.17"]
[EventType "swiss"]
[EventCountry "IND"]
[SourceTitle "playchess.com"]
[Source "ChessBase"]
[SourceQuality "1"]
[TimeControl "5400+30"]

1. d4 d5 2. c4 e6 3. Nf3 Nf6 4. g3 dxc4 5. Bg2 Bd7 6. Nbd2 Bb4 7. Ne5 Bc6 8. Nxc6 Nxc6 9. Bxc6+ bxc6 10. Qa4 Qd5 11. O-O Rb8 12. a3 Bxd2 13. Bxd2 Rxb2 14. Rfb1 Qb5 15. Qd1 O-O 16. Rxb2 Qxb2 17. Bb4 Rd8 18. Rb1 Rxd4 19. Qe1 Qc2 20. Bc5 Rd8 21. Be7 Re8 22. Bxf6 gxf6 23. Rc1 Qb3 24. Rc3 Qa2 25. Re3 Rb8 26. Kg2 Rb3 27. Re4 c3 28. Rc4 Qd2 29. Rg4+ Kf8 30. Qa1 e5 0-1

[Event "2nd Goa GM Open 2019"]
[Site "Goa"]
[Date "2019.06.23"]
[Round "8.4"]
[White "Aleksandrov, Aleksej"]
[Black "Kostenko, Petr"]
[Result "1/2-1/2"]
[ECO "A90"]
[WhiteElo "2588"]
[BlackElo "2473"]
[Annotator "ChessBase"]
[PlyCount "78"]
[EventDate "2019.06.17"]
[EventType "swiss"]
[EventCountry "IND"]
[SourceTitle "playchess.com"]
[Source "ChessBase"]
[SourceQuality "1"]
[TimeControl "5400+30"]

1. d4 e6 2. c4 f5 3. g3 Nf6 4. Bg2 d5 5. Nh3 Bd6 6. O-O O-O 7. Bf4 Be7 8. Nd2 Nc6 9. Nf3 Ne4 10. Qc1 dxc4 11. Rd1 b5 12. a4 Ba6 13. axb5 Bxb5 14. Be3 Qd6 15. Nf4 Nb4 16. Ne5 g5 17. Nh3 h6 18. f3 Nc5 19. Nxc4 Qd5 20. Na5 Nb3 21. Nxb3 Qxb3 22. Bf2 Bxe2 23. Rd2 Bc4 24. Ra3 Na2 25. Rxb3 Nxc1 26. Re3 Nb3 27. Rc2 Bd5 28. Rxc7 Bf6 29. f4 Bxg2 30. Kxg2 Nxd4 31. Rd3 Nb5 32. Rc5 a6 33. fxg5 hxg5 34. Be3 Rfc8 35. Rxc8+ Rxc8 36. Nxg5 Rc6 37. b3 Nc7 38. h4 Nd5 39. Bd2 Bxg5 1/2-1/2

[Event "2nd Goa GM Open 2019"]
[Site "Goa"]
[Date "2019.06.23"]
[Round "8.6"]
[White "Jojua, Davit"]
[Black "Sankalp Gupta"]
[Result "1-0"]
[ECO "E04"]
[WhiteElo "2580"]
[BlackElo "2359"]
[Annotator "ChessBase"]
[PlyCount "119"]
[EventDate "2019.06.17"]
[EventType "swiss"]
[EventCountry "IND"]
[SourceTitle "playchess.com"]
[Source "ChessBase"]
[SourceQuality "1"]
[TimeControl "5400+30"]

1. d4 Nf6 2. c4 e6 3. g3 d5 4. Nf3 dxc4 5. Bg2 c5 6. O-O Nc6 7. dxc5 Qxd1 8. Rxd1 Bxc5 9. Nfd2 Na5 10. Na3 Bxa3 11. bxa3 Nd5 12. Ne4 O-O 13. Bd2 b6 14. Rac1 Bd7 15. Bxa5 bxa5 16. Nd6 Rab8 17. Nxc4 Ba4 18. Re1 Rb5 19. e4 Nb6 20. e5 g5 21. Nd6 Rb2 22. Rc5 Rxa2 23. Rxa5 Rxa3 24. Rxa7 Rd3 25. Ra6 Rb8 26. Ra7 Rf8 27. Bh3 Bb3 28. Ne4 h6 29. Rb7 Na4 30. Bg4 Bd5 31. Nf6+ Kh8 32. Ra7 Nc3 33. Rd7 Ne4 34. Nxd5 Rxd5 35. Rxf7 Rxf7 36. Bxe6 Rxe5 37. Bxf7 Kg7 38. Bh5 Kf6 39. Rb1 Nc3 40. Rb8 Nd5 41. Kg2 Kg7 42. Bf3 Nf6 43. Rb7+ Kg6 44. Rc7 Re1 45. Bc6 Ra1 46. Bb5 Ra3 47. Be2 h5 48. Bd1 Ra6 49. Bc2+ Kh6 50. h3 Rb6 51. Rf7 Rc6 52. Bf5 Rb6 53. Kf1 Ra6 54. Ke2 g4 55. h4 Rb6 56. Kd3 Rd6+ 57. Kc4 Rc6+ 58. Kd4 Rd6+ 59. Ke5 Ra6 60. f3 1-0

[Event "2nd Goa GM Open 2019"]
[Site "Goa"]
[Date "2019.06.23"]
[Round "8.7"]
[White "Paichadze, Luka"]
[Black "Nguyen, Van Huy"]
[Result "1-0"]
[ECO "B12"]
[WhiteElo "2557"]
[BlackElo "2456"]
[Annotator "ChessBase"]
[PlyCount "147"]
[EventDate "2019.06.17"]
[EventType "swiss"]
[EventCountry "IND"]
[SourceTitle "playchess.com"]
[Source "ChessBase"]
[SourceQuality "1"]
[TimeControl "5400+30"]

1. e4 c6 2. d4 d5 3. e5 Bf5 4. h4 Qb6 5. g4 Bd7 6. a4 e6 7. a5 Qc7 8. c3 c5 9. f4 h5 10. gxh5 Nh6 11. Nf3 a6 12. Bh3 Nc6 13. dxc5 Bxc5 14. Nbd2 O-O 15. Nb3 Ba7 16. Nbd4 f5 17. Rg1 Bxd4 18. Nxd4 Nxd4 19. Qxd4 Rac8 20. Rg5 Bb5 21. Be3 Rf7 22. Qd2 Qc4 23. Bd4 Qd3 24. Qxd3 Bxd3 25. Kd2 Be4 26. Rag1 Kh7 27. R1g3 Ng4 28. Bf1 Re7 29. Rg6 Rh8 30. Bc5 Ree8 31. Be2 Kg8 32. Bxg4 fxg4 33. R6xg4 Rh7 34. Ke3 Kf7 35. Rg5 Bc2 36. Kd4 Rc8 37. Rg1 Rc6 38. b3 Rc8 39. c4 Bxb3 40. h6 Rg8 41. Rxg7+ Rgxg7 42. Rxg7+ Rxg7 43. hxg7 Kxg7 44. f5 Kf7 45. cxd5 Bxd5 46. h5 Ba2 47. fxe6+ Kxe6 48. Bd6 Bb3 49. Kc5 Bd1 50. h6 Bc2 51. Kb6 Be4 52. Kc7 Kf7 53. Bb4 Ke6 54. Bc3 Ke7 55. Bd2 Ke6 56. Bf4 Bd3 57. Kxb7 Kd7 58. Be3 Ke6 59. Bd4 Kd7 60. Bc3 Ke6 61. Kc7 Ke7 62. Bb2 Be4 63. Bc1 Ke6 64. Bf4 Bf5 65. Kd8 Kf7 66. Bg5 Kg6 67. Bd2 Kf7 68. Bf4 Bg4 69. Kc7 Bf5 70. Kd6 Bc2 71. e6+ Ke8 72. Be3 Bg6 73. Bc5 Kd8 74. Ke5 1-0

[Event "2nd Goa GM Open 2019"]
[Site "Goa"]
[Date "2019.06.23"]
[Round "8.8"]
[White "Vignesh N R"]
[Black "Idani, Pouya"]
[Result "0-1"]
[ECO "B48"]
[WhiteElo "2459"]
[BlackElo "2597"]
[Annotator "ChessBase"]
[PlyCount "92"]
[EventDate "2019.06.17"]
[EventType "swiss"]
[EventCountry "IND"]
[SourceTitle "playchess.com"]
[Source "ChessBase"]
[SourceQuality "1"]
[TimeControl "5400+30"]

1. e4 c5 2. Nf3 e6 3. d4 cxd4 4. Nxd4 Nc6 5. Nc3 Qc7 6. Be3 a6 7. Qd2 Nxd4 8. Qxd4 b5 9. O-O-O Bb7 10. f3 Rc8 11. Qb6 Qxb6 12. Bxb6 Bc5 13. Bxc5 Rxc5 14. a4 b4 15. Na2 b3 16. Nc3 bxc2 17. Rd6 Kd8 18. Kxc2 Kc7 19. Rd4 Ne7 20. Rc4 Rxc4 21. Bxc4 f5 22. Bd3 fxe4 23. Nxe4 a5 24. b4 axb4 25. Kb3 Ra8 26. Nc5 Bc6 27. Rc1 Nd5 28. Be4 Kb6 29. Bxd5 Bxd5+ 30. Kxb4 Bc6 31. Rd1 Kc7 32. f4 Rb8+ 33. Kc3 Rf8 34. g3 Rf5 35. Kb4 g5 36. Rd4 gxf4 37. Rxf4 Re5 38. a5 h5 39. h4 Re2 40. Nb3 Rg2 41. Rf7 Rxg3 42. Rh7 Rg4+ 43. Kc5 Ra4 44. a6 Be4 45. Kb5 Bxh7 46. Kxa4 Bc2 0-1

[Event "2nd Goa GM Open 2019"]
[Site "Goa"]
[Date "2019.06.23"]
[Round "8.9"]
[White "Shyaamnikhil P"]
[Black "Deepan Chakkravarthy J."]
[Result "1-0"]
[ECO "B08"]
[WhiteElo "2434"]
[BlackElo "2557"]
[Annotator "ChessBase"]
[PlyCount "73"]
[EventDate "2019.06.17"]
[EventType "swiss"]
[EventCountry "IND"]
[SourceTitle "playchess.com"]
[Source "ChessBase"]
[SourceQuality "1"]
[TimeControl "5400+30"]

1. e4 g6 2. d4 Bg7 3. Nc3 d6 4. Nf3 Nf6 5. h3 O-O 6. Be3 c6 7. Bd3 Nbd7 8. O-O b5 9. e5 Ne8 10. Bf4 Nb6 11. Qc1 b4 12. Ne4 f5 13. Ng3 Nc7 14. h4 Ne6 15. h5 Nd5 16. Bd2 a5 17. c4 bxc3 18. bxc3 Ba6 19. Bxa6 Rxa6 20. h6 Bh8 21. Re1 c5 22. Rb1 dxe5 23. Nxe5 f4 24. Nf1 cxd4 25. cxd4 Bxe5 26. Rxe5 f3 27. g3 Rd6 28. Rb7 Qc8 29. Qxc8 Rxc8 30. Ne3 Nf6 31. d5 Nc7 32. Rxe7 Ncxd5 33. Rg7+ Kh8 34. Ng4 Re6 35. Nh2 Rb6 36. Rxb6 Nxb6 37. Nxf3 1-0

[Event "2nd Goa GM Open 2019"]
[Site "Goa"]
[Date "2019.06.23"]
[Round "8.12"]
[White "Gusain, Himal"]
[Black "Gukesh D"]
[Result "1/2-1/2"]
[ECO "B33"]
[WhiteElo "2404"]
[BlackElo "2543"]
[Annotator "RC"]
[PlyCount "62"]
[EventDate "2019.06.17"]
[EventType "swiss"]
[EventCountry "IND"]
[SourceTitle "playchess.com"]
[Source "ChessBase"]
[SourceQuality "1"]
[TimeControl "5400+30"]

1. e4 c5 2. Nf3 Nc6 3. d4 cxd4 4. Nxd4 Nf6 5. Nc3 e5 6. Ndb5 d6 7. Bg5 a6 8. Na3 b5 9. Nd5 Be7 10. Bxf6 Bxf6 11. c4 b4 12. Nc2 O-O 13. g3 Rb8 14. b3 Bg5 15. h4 Bh6 16. Bh3 Be6 17. Kf1 a5 18. Kg2 Ne7 19. Nde3 Bxe3 20. Nxe3 Nc6 21. Qd3 Qc7 22. h5 Rbd8 23. Rad1 Qe7 24. Nc2 Nb8 25. Qe3 Na6 26. Rd2 Nc5 27. Bxe6 Qxe6 28. Qf3 f5 29. exf5 Rxf5 30. Qd5 Qxd5+ 31. Rxd5 Rdf8 1/2-1/2

[Event "2nd Goa GM Open 2019"]
[Site "Goa"]
[Date "2019.06.23"]
[Round "8.14"]
[White "Neelash Saha"]
[Black "Malakhatko, Vadim"]
[Result "1-0"]
[ECO "E00"]
[WhiteElo "2315"]
[BlackElo "2505"]
[Annotator "ChessBase"]
[PlyCount "121"]
[EventDate "2019.06.17"]
[EventType "swiss"]
[EventCountry "IND"]
[SourceTitle "playchess.com"]
[Source "ChessBase"]
[SourceQuality "1"]
[TimeControl "5400+30"]

1. d4 e6 2. c4 Bb4+ 3. Bd2 a5 4. Nc3 Nf6 5. Qc2 d6 6. Nf3 Qe7 7. a3 Bxc3 8. Bxc3 Nbd7 9. e3 a4 10. Be2 b6 11. O-O O-O 12. Nd2 Bb7 13. e4 e5 14. d5 Nc5 15. Bb4 Bc8 16. Rae1 h6 17. Bd1 Nh7 18. f4 exf4 19. Rxf4 Bd7 20. Rff1 Rae8 21. Qb1 Ng5 22. Bc2 f6 23. Qd1 Ra8 24. Nf3 Nf7 25. e5 Nxe5 26. Nh4 Qf7 27. Qd4 g6 28. Re3 f5 29. Bc3 Kh7 30. Rh3 Rae8 31. Qd2 Ng4 32. Nf3 Qe7 33. Re1 Qd8 34. Rxe8 Qxe8 35. Qd4 Rf6 36. Rh4 Qe7 37. h3 Ne5 38. Ng5+ Kg8 39. Rxh6 Ne4 40. Nxe4 fxe4 41. Qxe4 Qf8 42. Rxg6+ Rxg6 43. Bxe5 Rh6 44. Bc3 Qf7 45. Qe3 Qf8 46. Qg5+ Kf7 47. Bd2 Rf6 48. Qh5+ Ke7 49. Bg5 Qg7 50. Qh4 Kf7 51. Bxf6 Qxf6 52. Qxf6+ Kxf6 53. Kf2 Ke5 54. Ke3 b5 55. cxb5 Bxb5 56. Be4 Bc4 57. g4 Bxd5 58. Bxd5 Kxd5 59. h4 Ke5 60. h5 d5 61. h6 1-0

[Event "2nd Goa GM Open 2019"]
[Site "Goa"]
[Date "2019.06.23"]
[Round "8.16"]
[White "Matta, Vinay Kumar"]
[Black "Gagare, Shardul"]
[Result "1/2-1/2"]
[ECO "C24"]
[WhiteElo "2181"]
[BlackElo "2482"]
[Annotator "ChessBase"]
[PlyCount "140"]
[EventDate "2019.06.17"]
[EventType "swiss"]
[EventCountry "IND"]
[SourceTitle "playchess.com"]
[Source "ChessBase"]
[SourceQuality "1"]
[TimeControl "5400+30"]

1. e4 e5 2. Bc4 Nf6 3. d3 Nc6 4. Nc3 Bc5 5. Bg5 h6 6. Bh4 Be7 7. Nf3 d6 8. h3 Na5 9. Bb5+ c6 10. Ba4 b5 11. Bb3 O-O 12. O-O Qc7 13. Re1 Rb8 14. Qd2 Nxb3 15. axb3 b4 16. Nd1 Nh5 17. Ne3 Re8 18. Ra4 Bxh4 19. Nxh4 a5 20. Rea1 Rb5 21. Nhf5 d5 22. Qd1 Nf6 23. Qf3 Bxf5 24. Nxf5 Re6 25. Qg3 Ne8 26. Re1 Kh7 27. Qh4 Nd6 28. Nxd6 Qxd6 29. Qh5 g6 30. Qd1 dxe4 31. dxe4 Qd4 32. c4 Rb7 33. Rxa5 Qxb2 34. Ra8 Qd4 35. Qxd4 exd4 36. Rd8 c5 37. Rc8 Ra7 38. Rxc5 Ra3 39. Rd5 Rxb3 40. Rxd4 Rc6 41. Rd7 Kg8 42. e5 Rc3 43. Ra1 R3xc4 44. Ra8+ Rc8 45. Raa7 Rf4 46. g3 Rf5 47. f4 b3 48. Rab7 g5 49. Rd4 gxf4 50. gxf4 Re8 51. Rxb3 f6 52. exf6 Rxf6 53. Kf2 Kf7 54. Rb7+ Re7 55. Rxe7+ Kxe7 56. Kf3 Ra6 57. Kg4 Ra5 58. Rb4 h5+ 59. Kf3 Ra3+ 60. Ke4 Rxh3 61. Rb7+ Kf6 62. Rb6+ Kf7 63. Kf5 Ra3 64. Rb7+ Kf8 65. Kg5 h4 66. Kxh4 Ra5 67. Kg4 Rc5 68. f5 Rc6 69. Kg5 Ra6 70. Rc7 Rb6 1/2-1/2

[Event "2nd Goa GM Open 2019"]
[Site "Goa"]
[Date "2019.06.23"]
[Round "8.17"]
[White "Vasquez Schroeder, Rodrigo"]
[Black "Priyanka, Kumari"]
[Result "1-0"]
[ECO "E62"]
[WhiteElo "2476"]
[BlackElo "1991"]
[Annotator "ChessBase"]
[PlyCount "165"]
[EventDate "2019.06.17"]
[EventType "swiss"]
[EventCountry "IND"]
[SourceTitle "playchess.com"]
[Source "ChessBase"]
[SourceQuality "1"]
[TimeControl "5400+30"]

1. d4 Nf6 2. c4 g6 3. g3 Bg7 4. Bg2 d6 5. Nc3 O-O 6. Nf3 Nc6 7. O-O Bg4 8. d5 Na5 9. Nd2 c5 10. h3 Bd7 11. Qc2 a6 12. a4 b5 13. axb5 axb5 14. cxb5 Qb6 15. Qa4 Rfb8 16. b4 cxb4 17. Qxb4 Ne8 18. Nb3 Bxc3 19. Qxc3 Nxb3 20. Rxa8 Nxc1 21. Rxb8 Nxe2+ 22. Kh2 Qxb8 23. Qe3 Bxb5 24. Rb1 Qb7 25. Qxe2 Bxe2 26. Rxb7 Kf8 27. Rb8 f5 28. Rb2 Bc4 29. Rb4 Be2 30. f4 Nf6 31. Rd4 Nd7 32. Kg1 Nc5 33. Kf2 Bd3 34. Ke3 Bb1 35. g4 fxg4 36. hxg4 h5 37. Rd1 Bc2 38. Rc1 Ba4 39. gxh5 gxh5 40. Bf3 Be8 41. Rh1 Bf7 42. Kd4 Nb3+ 43. Kd3 Kg7 44. Ke3 Nc5 45. Ra1 Kg6 46. Rg1+ Kh6 47. Kd4 e6 48. dxe6 Nxe6+ 49. Ke3 Ng7 50. Be4 d5 51. Bd3 h4 52. Rg4 Nh5 53. Rxh4 Kg7 54. Be2 Nf6 55. Kd4 Kf8 56. Bd3 Ke7 57. Bf5 Ne8 58. Ke5 Nd6 59. Bd3 Bg8 60. Rh1 Be6 61. Ra1 Nf7+ 62. Kd4 Kf6 63. Ra6 Nh6 64. Bb5 Nf5+ 65. Kc5 Ke7 66. Bc6 Ne3 67. Kd4 Ng4 68. Bxd5 Bc8 69. Ra7+ Kf6 70. Rf7+ Kg6 71. Rc7 Bf5 72. Rc6+ Kg7 73. Be6 Bxe6 74. Rxe6 Kf7 75. Ra6 Nf6 76. Ke5 Ng4+ 77. Kf5 Ne3+ 78. Kg5 Nd5 79. Ra7+ Ne7 80. f5 Kf8 81. Rxe7 Kxe7 82. Kg6 Kf8 83. Kf6 1-0

[Event "2nd Goa GM Open 2019"]
[Site "Goa"]
[Date "2019.06.23"]
[Round "8.20"]
[White "Turov, Maxim"]
[Black "Mitrabha, Guha"]
[Result "1/2-1/2"]
[ECO "E15"]
[WhiteElo "2579"]
[BlackElo "2341"]
[Annotator "ChessBase"]
[PlyCount "235"]
[EventDate "2019.06.17"]
[EventType "swiss"]
[EventCountry "IND"]
[SourceTitle "playchess.com"]
[Source "ChessBase"]
[SourceQuality "1"]
[TimeControl "5400+30"]

1. d4 Nf6 2. c4 e6 3. Nf3 b6 4. g3 Ba6 5. b3 Bb7 6. Bg2 Bb4+ 7. Bd2 a5 8. O-O O-O 9. a3 Be7 10. Qc2 Be4 11. Qb2 Bb7 12. Nc3 Ne4 13. Ne5 Nxd2 14. Bxb7 Ra7 15. Qxd2 Rxb7 16. e4 d6 17. Nd3 Bf6 18. Ne1 Nd7 19. Nc2 g6 20. Rad1 Qe7 21. f4 Bg7 22. e5 Rbb8 23. Nb5 dxe5 24. dxe5 Rfd8 25. Qe3 Nc5 26. Ncd4 Qe8 27. Nxc7 Qd7 28. Ncb5 Bf8 29. Qf3 Qb7 30. Kg2 Qxf3+ 31. Kxf3 Rd7 32. Nc6 Rc8 33. Rxd7 Nxd7 34. Rd1 Nc5 35. Ncd4 Rd8 36. Rd2 h6 37. h4 g5 38. h5 f5 39. exf6 gxf4 40. gxf4 Kf7 41. Ke3 Kxf6 42. Rg2 Kf7 43. Na7 Bg7 44. Nac6 Rg8 45. Kf3 Rc8 46. Ne5+ Bxe5 47. fxe5 Nd7 48. Kf4 a4 49. Nb5 Rf8 50. b4 Ke7+ 51. Ke4 Rf5 52. Rg7+ Kd8 53. Rg8+ Ke7 54. Rg7+ Kd8 55. Nd4 Rxe5+ 56. Kd3 Kc8 57. Rg8+ Kb7 58. Rg7 Kc8 59. Re7 Rxh5 60. Nxe6 Rh4 61. c5 bxc5 62. bxc5 Ne5+ 63. Ke3 Nc4+ 64. Ke2 Ne5 65. c6 Nxc6 66. Rc7+ Kb8 67. Rxc6 Rh3 68. Nc5 Rxa3 69. Rxh6 Rc3 70. Nxa4 Rg3 71. Rh7 Kc8 72. Nb6+ Kd8 73. Nd5 Rg5 74. Ne3 Re5 75. Kd3 Re7 76. Rh5 Kd7 77. Kd4 Rg7 78. Kd5 Kc7 79. Nc4 Rd7+ 80. Kc5 Rd1 81. Rh7+ Rd7 82. Rh1 Rg7 83. Ne5 Rg2 84. Rh7+ Kc8 85. Nc4 Rc2 86. Kd5 Kb8 87. Nd6 Rc1 88. Rb7+ Ka8 89. Rb2 Rc7 90. Rb4 Rc1 91. Nc4 Ka7 92. Kc6 Rh1 93. Rb2 Rc1 94. Rb7+ Ka8 95. Rb4 Ka7 96. Kc7 Ka6 97. Rb6+ Ka7 98. Rb7+ Ka6 99. Rb4 Rh1 100. Rb6+ Ka7 101. Rb3 Ka6 102. Kc6 Rh6+ 103. Kd5 Rh5+ 104. Ne5 Ka5 105. Rb8 Ka4 106. Kd4 Rh4+ 107. Kc3 Rh3+ 108. Nd3 Ka5 109. Rb1 Ka6 110. Rb3 Ka5 111. Kd4 Rh4+ 112. Kd5 Rh5+ 113. Ne5 Ka4 114. Rb8 Ka3 115. Kd4 Rh4+ 116. Kc3 Rh3+ 117. Nd3 Ka4 118. Kc4 1/2-1/2

[Event "2nd Goa GM Open 2019"]
[Site "Goa"]
[Date "2019.06.23"]
[Round "8.21"]
[White "Anuj Shrivatri"]
[Black "Venkatesh, M.R."]
[Result "1-0"]
[ECO "A40"]
[WhiteElo "2336"]
[BlackElo "2490"]
[Annotator "ChessBase"]
[PlyCount "69"]
[EventDate "2019.06.17"]
[EventType "swiss"]
[EventCountry "IND"]
[SourceTitle "playchess.com"]
[Source "ChessBase"]
[SourceQuality "1"]
[TimeControl "5400+30"]

1. d4 Nc6 2. Nf3 d5 3. c4 Bg4 4. cxd5 Bxf3 5. gxf3 Qxd5 6. e3 e5 7. Nc3 Bb4 8. Bd2 Bxc3 9. bxc3 Qd6 10. Rb1 b6 11. f4 exf4 12. e4 Nge7 13. Qf3 Qa3 14. Qxf4 O-O 15. Bg2 Qxa2 16. O-O Ng6 17. Qe3 Na5 18. Ra1 Qc4 19. f4 f5 20. e5 c6 21. Be1 Ne7 22. Rf3 Qe6 23. Bh4 Ng6 24. Rh3 Rf7 25. Kh1 Rc8 26. Qf3 Rd7 27. Rg1 Nb3 28. Bf2 a5 29. Qh5 Nf8 30. Bh4 Kh8 31. Bf1 c5 32. Bd3 Rf7 33. Bf6 gxf6 34. Rhg3 Qc6+ 35. R1g2 1-0

[Event "2nd Goa GM Open 2019"]
[Site "Goa"]
[Date "2019.06.23"]
[Round "8.23"]
[White "Abhishek, Kelkar"]
[Black "Neverov, Valeriy"]
[Result "0-1"]
[ECO "A46"]
[WhiteElo "2323"]
[BlackElo "2470"]
[Annotator "ChessBase"]
[PlyCount "120"]
[EventDate "2019.06.17"]
[EventType "swiss"]
[EventCountry "IND"]
[SourceTitle "playchess.com"]
[Source "ChessBase"]
[SourceQuality "1"]
[TimeControl "5400+30"]

1. d4 Nf6 2. Nf3 e6 3. Bf4 b6 4. e3 Bb7 5. Be2 Be7 6. h3 O-O 7. O-O c5 8. c3 Nc6 9. Nbd2 Rc8 10. a4 d5 11. Ne5 Ne8 12. Nxc6 Bxc6 13. Ba6 Ra8 14. Nf3 Nd6 15. Ne5 Be8 16. Qg4 Kh8 17. b3 Ne4 18. Rfc1 f6 19. Nd3 Bd7 20. Qe2 Bc8 21. Bxc8 Rxc8 22. f3 Nd6 23. dxc5 bxc5 24. c4 e5 25. Bg3 d4 26. e4 Nf7 27. a5 Rb8 28. Qa2 Qc7 29. Rab1 Rb7 30. b4 cxb4 31. c5 Rb5 32. Rxb4 Rxa5 33. Ra4 Rxa4 34. Qxa4 Rc8 35. Nb4 Bf8 36. Nd5 Qc6 37. Qxc6 Rxc6 38. Rb1 g5 39. Rb7 Kg7 40. Rxa7 Bxc5 41. Rd7 d3+ 42. Kf1 Ra6 43. Ke1 Ra2 44. Kd1 Rxg2 45. Be1 Ra2 46. h4 h5 47. hxg5 fxg5 48. Bc3 Kg6 49. Rc7 Bd4 50. Rc6+ Kg7 51. Bxd4 exd4 52. Ne7 Ne5 53. Nf5+ Kf7 54. Rc7+ Ke6 55. Ng7+ Kf6 56. Nxh5+ Kg6 57. Ng3 Nxf3 58. Nf5 Ra1+ 59. Rc1 Rxc1+ 60. Kxc1 Kf6 0-1

[Event "2nd Goa GM Open 2019"]
[Site "Goa"]
[Date "2019.06.23"]
[Round "8.24"]
[White "Rathanvel, V S"]
[Black "Lugovskoy, Maxim"]
[Result "1/2-1/2"]
[ECO "C11"]
[WhiteElo "2314"]
[BlackElo "2451"]
[Annotator "ChessBase"]
[PlyCount "109"]
[EventDate "2019.06.17"]
[EventType "swiss"]
[EventCountry "IND"]
[SourceTitle "playchess.com"]
[Source "ChessBase"]
[SourceQuality "1"]
[TimeControl "5400+30"]

1. e4 e6 2. d4 d5 3. Nc3 Nf6 4. e5 Nfd7 5. f4 c5 6. Nf3 Be7 7. Be3 b6 8. Qd2 O-O 9. Be2 Ba6 10. O-O Bxe2 11. Nxe2 Nc6 12. Rad1 Rc8 13. c3 b5 14. g4 b4 15. f5 bxc3 16. bxc3 cxd4 17. cxd4 Qa5 18. Nf4 Qxd2 19. Rxd2 Rfe8 20. Rb2 Na5 21. Bd2 Ba3 22. Rb5 Nc4 23. Rb7 Nb8 24. Rfb1 Nc6 25. fxe6 fxe6 26. Nh5 Re7 27. Bg5 Rec7 28. Nf4 Kf7 29. Bh4 Be7 30. Bxe7 Kxe7 31. Kf2 a5 32. Nd3 Nd8 33. Rxc7+ Rxc7 34. Nc5 Nc6 35. Rb5 Nd8 36. Ke2 Nc6 37. Nd3 Na3 38. Rc5 h6 39. Kd1 Nc4 40. h3 Kd8 41. Nf4 Kd7 42. Nd3 Rc8 43. Rb5 Rf8 44. Nc5+ Kc8 45. Rb3 a4 46. Nxa4 Rf4 47. Nc5 Nxd4 48. Nxd4 Rxd4+ 49. Kc1 Nxe5 50. Nxe6 Rc4+ 51. Kd2 g5 52. Re3 Ng6 53. Rc3 Kd7 54. Rxc4 dxc4 55. Nd4 1/2-1/2

[Event "2nd Goa GM Open 2019"]
[Site "Goa"]
[Date "2019.06.23"]
[Round "8.26"]
[White "Vantika Agrawal"]
[Black "Mohammad Nubairshah Shaikh"]
[Result "0-1"]
[ECO "D11"]
[WhiteElo "2223"]
[BlackElo "2436"]
[Annotator "NA"]
[PlyCount "197"]
[EventDate "2019.06.17"]
[EventType "swiss"]
[EventCountry "IND"]
[SourceTitle "playchess.com"]
[Source "ChessBase"]
[SourceQuality "1"]
[TimeControl "5400+30"]

1. d4 d5 2. c4 c6 3. Nf3 Nf6 4. e3 Bg4 5. h3 Bh5 6. g4 Bg6 7. Ne5 Nbd7 8. Nxg6 hxg6 9. Bg2 dxc4 10. Nd2 e5 11. Nxc4 Bb4+ 12. Bd2 Qe7 13. a3 Bxd2+ 14. Qxd2 Rd8 15. O-O-O O-O 16. dxe5 Nxe5 17. Qc3 Nxc4 18. Qxc4 Qe5 19. Qc2 g5 20. Rxd8 Rxd8 21. Rd1 Rd6 22. Rxd6 Qxd6 23. Qd1 Qh2 24. Qh1 Qd6 25. Qd1 Qh2 26. Qh1 Qe5 27. Qd1 g6 28. Qd4 Qxd4 29. exd4 Kf8 30. Kd2 Ke7 31. Ke3 Ne8 32. f4 Kf6 33. Bf1 Nd6 34. Be2 a5 35. b3 Ne8 36. Bc4 gxf4+ 37. Kxf4 g5+ 38. Ke4 Nd6+ 39. Ke3 a4 40. Kd2 axb3 41. Bxb3 Nb5 42. d5 c5 43. a4 Nd6 44. Kd3 b6 45. Bd1 Ke5 46. Bf3 Kf4 47. Bg2 Kg3 48. Be4 Kxh3 49. Bf5 Kg2 50. Ke2 Nc4 51. Kd3 Nd6 52. Ke2 f6 53. Be6 c4 54. Bf5 Kg3 55. Ke3 c3 56. Kd3 Kf4 57. Be6 Ne4 58. Bf5 Nc5+ 59. Kxc3 Ke5 60. Kb4 Kxd5 61. Kb5 Kd6 62. Bc2 Nd7 63. Bf5 Nc5 64. Bc2 Nd7 65. Bf5 Kc7 66. Bxd7 Kxd7 67. Kxb6 f5 68. a5 fxg4 69. a6 g3 70. a7 g2 71. a8=Q g1=Q+ 72. Kb5 Qf1+ 73. Kb6 Qf2+ 74. Kb5 Qe2+ 75. Kb6 Qb2+ 76. Kc5 Qc3+ 77. Kb5 Ke6 78. Qe8+ Kf5 79. Kb6 Qd4+ 80. Ka6 Qd3+ 81. Ka7 Qd4+ 82. Ka6 g4 83. Qb5+ Kf4 84. Qf1+ Kg5 85. Qc1+ Kh4 86. Qh1+ Kg3 87. Qe1+ Qf2 88. Qe5+ Qf4 89. Qe1+ Kg2 90. Qe2+ Kg1 91. Qe6 g3 92. Kb7 g2 93. Qe1+ Kh2 94. Qe2 Qf7+ 95. Ka8 Qd5+ 96. Kb8 Kh1 97. Qe3 g1=Q 98. Qh3+ Qh2+ 99. Ka7 0-1

[Event "2nd Goa GM Open 2019"]
[Site "Goa"]
[Date "2019.06.23"]
[Round "8.27"]
[White "Konguvel, Ponnuswamy"]
[Black "Sammed Jaykumar, Shete"]
[Result "1-0"]
[ECO "C88"]
[WhiteElo "2293"]
[BlackElo "2431"]
[Annotator "NA"]
[PlyCount "67"]
[EventDate "2019.06.17"]
[EventType "swiss"]
[EventCountry "IND"]
[SourceTitle "playchess.com"]
[Source "ChessBase"]
[SourceQuality "1"]
[TimeControl "5400+30"]

1. e4 e5 2. Nf3 Nc6 3. Bb5 a6 4. Ba4 Nf6 5. O-O Be7 6. Re1 b5 7. Bb3 O-O 8. a4 b4 9. d3 d6 10. a5 Be6 11. Bxe6 fxe6 12. Nbd2 Qe8 13. c3 Rb8 14. d4 bxc3 15. bxc3 exd4 16. cxd4 Qd7 17. Nc4 Rb5 18. Bd2 d5 19. exd5 exd5 20. Nce5 Nxe5 21. Nxe5 Qf5 22. g4 Qc8 23. Nc6 Bd6 24. Na7 Qd8 25. Nxb5 Bxh2+ 26. Kg2 axb5 27. Bg5 Bd6 28. Qe2 h6 29. Qe6+ Kh7 30. Bh4 Qa8 31. g5 hxg5 32. Bxg5 b4 33. f4 Kg6 34. Kf3 1-0